 Dungeon Crawl Stone Soup version 0.29-a0-870-g2c972031a6 (webtiles) character file.

Game seed: 3212230140062409637

487 concernfroge the Trooper (level 6, -6/56 HPs)
             Began as a Mummy Monk on July 17, 2022.
             Was an Initiate of Gozag.
             Killed from afar by an electric eel (11 damage)
             ... with a bolt of electricity
             ... on level 6 of the Dungeon.
             The game lasted 00:11:38 (3780 turns).

concernfroge the Trooper (Mummy Monk)               Turns: 3780, Time: 00:11:39

Health: -6/56      AC: 10    Str: 16    XL:     6   Next: 89%
Magic:  6/6        EV:  7    Int:  9    God:    Gozag
Gold:   374        SH:  5    Dex: 15    Spells: 5/5 levels left

rFire   x . .      SeeInvis .   g - +0 morningstar
rCold   + . .      Faith    .   (no shield)
rNeg    + + +      Spirit   .   b - +0 chain mail
rPois   ∞          Reflect  +   (no helmet)
rElec   .          Harm     .   (no cloak)
rCorr   .          Rampage  .   (no gloves)
Will    +....                   l - +1 pair of boots
Stlth   ..........              a - amulet of reflection
HPRegen 0.18/turn               f - ring of flight
MPRegen 0.10/turn               e - ring of willpower

@: flying
A: cold resistance 1, negative energy resistance 3, torment resistance 2, heat
vulnerability 1, in touch with death 1, no potions
a: Renounce Religion, Potion Petition, Call Merchant, Bribe Branch


You were on level 6 of the Dungeon.
You worshipped Gozag.
Gozag was aware of your devotion.
You visited 1 branch of the dungeon, and saw 7 of its levels.

You collected 374 gold pieces.

Inventory:

Hand Weapons
 c - a +2 whip of electrocution
 g - a +0 morningstar (weapon)
Armour
 b - a +0 chain mail (worn)
 l - a +1 pair of boots (worn)
Jewellery
 a - an amulet of reflection (around neck)
 e - a ring of willpower (right hand)
 f - a ring of flight (left hand)
Wands
 m - a wand of flame (31)
Scrolls
 k - 2 scrolls of identify


   Skills:
 + Level 7.9 Fighting
 - Level 2.4 Polearms
 - Level 2.4 Dodging
 - Level 1.5 Stealth


You had 5 spell levels left.
You didn't know any spells.
Your spell library contained the following spells:

 Spells                   Type           Power      Damage    Failure   Level
 Sting                    Tmut/Pois      0%         1d3       100%        1
 Poisonous Vapours        Pois/Air       0%         N/A       100%        2
 Stone Arrow              Conj/Erth      0%         3d7       100%        3
 Animate Armour           Summ/Erth      0%         N/A       100%        4
 Olgreb's Toxic Radiance  Pois           0%         N/A       100%        4
 Malign Gateway           Summ/Tloc      0%         N/A       100%        7
 Lehudib's Crystal Spear  Conj/Erth      0%         10d2      100%        8
 Summon Horrible Things   Summ           0%         N/A       100%        8


Dungeon Overview and Level Annotations

Branches:
Dungeon (7/15)
 Temple: D:4-7

Altars:
Dithmenos
Gozag
Hepliaklqana
Okawaru
Wu Jian

Shops:
D:1 :

Annotations:
D:4 Duvessa


Innate Abilities, Weirdness & Mutations

You are immune to poison.
Your flesh is cold resistant. (rC+)
You are immune to negative energy. (rN+++)
You are immune to unholy pain and torment.
You are vulnerable to heat. (rF-)
You are in touch with the powers of death.
You do not drink.


Message History

There is an entrance to a sewer on this level.
Hurry and find it before the portal rusts away!
Found a stone staircase leading down.
There is a stone staircase leading down here.
Okay, then.
You puncture the ufetubus!
You kill the ufetubus!
You now have 374 gold pieces (gained 5).
There is a stone staircase leading down here.
There is a stone staircase leading down here.
Found a stone.
An electric eel comes into view.
The electric eel shoots out a bolt of lightning at you!
The bolt of electricity hits you.
You see here 18 gold pieces.
You hear the slow rusting of a very distant drain.
No target in view!
The electric eel shoots out a bolt of lightning at you!
The bolt of electricity hits you! The bolt of electricity hits you.
The bolt of electricity hits the electric eel.
The electric eel completely resists.
The bolt of electricity hits the electric eel.
The electric eel completely resists.
You puncture the electric eel!
The electric eel is heavily wounded.
The electric eel shoots out a bolt of lightning at you!
The bolt of electricity hits you! The bolt of electricity misses you.
The bolt of electricity hits the electric eel.
The electric eel completely resists.
The bolt of electricity hits the electric eel.
The electric eel completely resists.
You barely miss the electric eel.
The electric eel is heavily wounded.
You miss the electric eel.
The electric eel is heavily wounded.
The electric eel shoots out a bolt of lightning at you!
The bolt of electricity hits you!!
* * * LOW HITPOINT WARNING * * *
The bolt of electricity hits you!
You die...
Your body crumbles into a pile of gold.

..≈# #≈. #....≈#..
#≈.. ....≈#...# #≈...
#..≈#...#≈# #≈#...
#####...≈#.#≈#≈#.#≈...
#...#....≈#.#≈#...#≈##
#...#...≈#...#.$.#≈###
#...#..≈#...#...#≈# #.
#...#@S#...#≈#.#≈####.
#......≈..#≈.≈#≈.(.##.
#.......≈#≈...≈....##.
#.......#≈..##........
#####...#...##.....##.
#........##.....##.
##...#...##.....##.
#...#...##.....##.
#...#...#########.


You could see an electric eel.

Vanquished Creatures
  A centaur (D:7)
  A scorpion (D:4)
  Dowan (D:4)
  2 howler monkeys (D:7)
  A hound (D:3)
  Jessica (D:3)
  2 iguanas
  5 adders
  An ufetubus (D:6)
  2 worms
  2 dart slugs
  6 ball pythons
  7 bats
  5 endoplasms
  2 giant cockroaches
  7 goblins
  10 hobgoblins
  4 jackals
  5 kobolds
  6 frilled lizards
  6 rats
77 creatures vanquished.

Notes
Turn   | Place    | Note
-------+----------+-------------------------------------------
     0 | D:1      | concernfroge the Mummy Monk began the quest for the Orb.
     0 | D:1      | Reached XP level 1. HP: 18/18 MP: 1/1
   250 | D:1      | Reached XP level 2. HP: 24/24 MP: 2/2
   588 | D:1      | Reached skill level 4 in Fighting
   657 | D:1      | Found Oqeadaod's Vocational Training.
   826 | D:1      | Found a faded altar of an unknown god.
  1019 | D:2      | Gained mutation: You are in touch with the powers of death.
                  | [Mummy growth]
  1019 | D:2      | Reached XP level 3. HP: 6/30 MP: 3/3
  1740 | D:3      | Reached skill level 5 in Fighting
  1740 | D:3      | Reached XP level 4. HP: 39/39 MP: 4/4
  1811 | D:3      | Found an opulent altar of Gozag.
  1815 | D:3      | Became a worshipper of Gozag Ym Sagoz the Greedy
  1988 | D:3      | Found a hazy altar of Hepliaklqana.
  1989 | D:3      | Found a shadowy altar of Dithmenos.
  1989 | D:3      | Noticed a shadow
  2072 | D:3      | Found an ornate altar of the Wu Jian Council.
  2272 | D:3      | Noticed Jessica
  2281 | D:3      | Killed Jessica
  2282 | D:3      | Reached XP level 5. HP: 46/46 MP: 5/5
  2597 | D:4      | Reached skill level 6 in Fighting
  2695 | D:4      | Noticed Dowan
  2735 | D:4      | Killed Dowan
  2737 | D:4      | Noticed Duvessa
  2764 | D:3      | Reached XP level 6. HP: 20/53 MP: 6/6
  2961 | D:4      | Reached skill level 7 in Fighting
  3024 | D:4      | Found an iron altar of Okawaru.
  3500 | D:5      | Entered Level 5 of the Dungeon
  3510 | D:5      | You are sucked into a shaft and drop 2 floors!
  3780 | D:6      | Killed from afar by an electric eel

Illustrated notes

Levels and vault maps discovered:
D:1:      lemuel_arrival_rhombus, layout_basic,
          ebering_ecumenical_altar_sacrificial, corexii_item_surrounded_by_moat,
          nicolae_shop_vocational
D:2:      layout_rooms
D:3:      layout_basic, riverfiend_overflow_shadow_ancestor,
          mainiacjoe_overflow_big_doors, uniq_jessica
D:4:      layout_loops_ring, mainiacjoe_overflow_alcove_4, uniq_duvessa
D:5:      layout_gridville, overflow_temple_1_default,
          nicolae_kikubaaqudgha_miasma_corner, amcnicky_altar_gilded,
          minmay_temple_entry_mist, grunt_ministairs_1
D:6:      layout_basic, portal_sewer_entry_c, nicolae_water_bricks, st_stairs_7,
          minmay_manual_monolith
D:7:      layout_gridville, marbit_many_paths, old_standard_altar, serial_shops,
          nicolae_shop_hallway_plus, ebering_ghost_reflecting_pool,
          enter_ossuary_4, nzn_random_ring

Skill      XL: |  1  2  3  4  5  6 |
---------------+-------------------+-----
Fighting       | 4 5 6 7 |  7.9
Polearms       | |  2.4
Dodging        | |  2.4
Stealth        | |  1.5

Action                   |  1- 3 |  4- 6 || total
-------------------------+-------+-------++-------
Melee: Spear             |    17 |       ||    17
       Whip              |    55 |       ||    55
       Morningstar       |    81 |   140 ||   221
       Punch             |     1 |     2 ||     3
  Use: Scroll            |     2 |     5 ||     7
 Stab: Sleeping          |     1 |       ||     1
       Distracted        |       |     1 ||     1
Armor: Robe              |     8 |       ||     8
       Chain mail        |    85 |   121 ||   206
       Scale mail        |    24 |       ||    24
Dodge: Dodged            |    79 |    60 ||   139
Block: Other             |       |    16 ||    16

Table legend: (Time is in decaauts)
 A = Elapsed time spent in this place.
 B = Non-inter-level travel time spent in this place.
 C = Inter-level travel time spent in this place.
 D = Time resting spent in this place.
 E = Time spent auto-exploring this place.
 F = Levels seen in this place.
 G = Mean time per level.
                   A        B        C        D        E       F      G
               +--------+--------+--------+--------+--------+-----+--------+
         Total |   3891 |   3673 |    218 |    267 |   2615 |   7 |  555.9 |
       Dungeon |   3891 |   3673 |    218 |    267 |   2615 |   7 |  555.9 |
               +--------+--------+--------+--------+--------+-----+--------+

Top non-repeatable levels by time:
     D:3: 1027 daAuts
     D:1: 988 daAuts
     D:4: 800 daAuts
     D:2: 783 daAuts
     D:7: 226 daAuts
     D:6: 55 daAuts
     D:5: 9 daAuts
